Map: Old Republic LE

Players

HoldTheDoor - Winner!

  • Race: Protoss Protoss
  • League: Diamond
  • Spawn Location: 1:00

JimRaynor

  • Race: Protoss Protoss
  • League: Master
  • Spawn Location: 7:00

VOD

Have the link to the VOD?

Description

Time

  • Played on: May 25, 2026, 10:28 a.m.
  • Length: 8:06
Show
View Real Time Build Order
Export as new Build Order

HoldTheDoor Protoss - Winner!

Build Orders:  

Get SALT Encoding   

  12  0:00  Probe  
  13  0:12  Probe  
  14  0:18  Pylon  
  14  0:23  Probe  
  15  0:32  Probe  
  15  0:39  Gateway  
  15  0:40  Probe  
  16  0:47  Assimilator  
  17  0:51  Probe  
  18  1:09  Probe  
  19  1:12  Assimilator  
  19  1:20  Gateway  
  19  1:23  Probe  
  20  1:26  Cybernetics Core  
  20  1:35  Pylon, Probe  
  21  1:47  Probe  
  22  1:59  Probe  
  23  2:05  Stalker x2  
  27  2:09  Warp Gate  
  27  2:32  Stalker  
  27  2:33  Pylon  
  27  2:35  Sentry  
  31  2:53  Probe  
  31  2:54  Robotics Facility  
  31  2:57  Shield Battery  
  32  3:12  Gateway  
  32  3:14  Gateway  
  32  3:16  Pylon  
  32  3:34  Warp Prism  
  34  3:59  Stalker x2  
  38  4:07  Stalker  
  38  4:09  Stalker  
  42  4:18  Pylon  
  42  4:21  Pylon  
  42  4:29  Stalker x2  
  46  4:47  Adept x2  
  50  4:52  Adept  
  50  4:53  Adept  
  42  5:25  Stalker x4  
  50  5:48  Stalker x3  
  50  5:49  Stalker  
  50  6:17  Stalker x4  
Show
View Real Time Build Order
Export as new Build Order

JimRaynor Protoss 

Build Orders: 1 Gate Expand 

Get SALT Encoding   

  12  0:00  Probe  
  13  0:12  Probe  
  14  0:17  Pylon  
  14  0:29  Probe  
  15  0:38  Gateway  
  15  0:41  Probe  
  16  0:53  Probe  
  17  0:59  Assimilator  
  17  1:06  Assimilator  
  17  1:07  Probe  
  18  1:19  Probe  
  19  1:26  Cybernetics Core  
  19  1:31  Probe  
  20  1:37  Warp Gate  
  20  1:39  Nexus  
  20  1:44  Probe  
  21  1:52  Pylon  
  21  2:05  Probe  
  22  2:17  Probe  
  22  2:18  Pylon  
  23  2:28  Gateway  
  24  2:31  Gateway  
  22  2:52  Probe  
  22  2:57  Stalker  
  22  2:58  Probe, Pylon  
  24  3:04  Probe  
  27  3:08  Shield Battery  
  27  3:15  Robotics Facility  
  27  3:22  Shield Battery  
  29  3:36  Stalker x2  
  29  3:37  Stalker  
  33  3:49  Probe x2  
  35  4:01  Probe x2  
  37  4:03  Stalker x2  
  37  4:05  Observer  
  37  4:09  Probe  
  42  4:11  Pylon  
  43  4:18  Probe x2  
  43  4:19  Pylon  
  45  4:33  Probe  
  45  4:34  Probe  
  45  4:37  Immortal  
  47  4:45  Stalker  
  55  4:56  Pylon  
  55  4:57  Pylon  
  55  4:58  Pylon  
  53  5:03  Stalker  
  49  5:15  Stalker  
  49  5:16  Stalker  
  49  5:18  Warp Prism  
  43  5:43  Stalker x2  
  34  6:19  Stalker x2  
  34  6:20  Stalker  
Tags
 
Matchup
PvP
Replay Pack
SC2Mai2026
Spawn Locations
Cross Positions
Add a new tag
Caveats
  • Supply blocks, unpowered buildings, or Contaminate may cause inaccurate times.
  • Supply counts are checked every 10 seconds.